 Dungeon Crawl Stone Soup version 0.31-a0-1074-g0b22e4e0f1 (webtiles) character file.

Game seed: 7539359998475351672

606 jlumianski the Ruffian (level 7, -3/53 HPs)
             Began as a Gnoll Shapeshifter on Dec 2, 2023.
             Slain by a gnoll sergeant
             ... wielding a +2 trident of venom
              (8 damage)
             ... on level 5 of the Dungeon.
             The game lasted 00:22:38 (4201 turns).

jlumianski the Ruffian (Gnoll Shapeshifter)         Turns: 4201, Time: 00:22:38

Health: -3/53      AC:  2    Str: 13    XL:     7   Next: 42%
Magic:  19/19      EV: 13    Int: 12    God:
Gold:   104        SH:  0    Dex: 11    Spells: 10/11 levels left

rFire   . .          .
                       - Unarmed
rCold   + . .        (no shield)
rNeg    . . .        a - +0 animal skin
rPois   .            (helmet currently unavailable)
rElec   .            (cloak currently unavailable)
rCorr   .            (gloves currently unavailable)
SInv    .            (boots currently unavailable)
Will    .....        (no amulet)
Stlth   ++           y - ring of magical power
HPRegen 0.28/turn    j - ring of protection from cold
MPRegen 0.16/turn

%: no passive effects
@: lethally poisoned (-3 -> -22), beast-form, studying Dodging
A: beast (slay +3), fangs 1, strong nose, distributed training
a: Begin Untransformation


You were on level 5 of the Dungeon.
You were a hulking beast.
You visited 1 branch of the dungeon, and saw 5 of its levels.

You collected 164 gold pieces.
You spent 60 gold pieces at shops.

Inventory:

Hand Weapons
 h - a +2 whip of draining
 o - a +0 short sword of freezing
 q - a +0 long sword
 G - a +0 short sword of protection
Missiles
 i - 42 stones
 s - 9 poisoned darts (quivered)
 x - 4 silver javelins
 z - 4 boomerangs
Armour
 a - a +0 animal skin (worn)
 e - a +0 kite shield
 f - a +0 ring mail
 l - a +0 pair of gloves
 m - a +0 cloak
 p - a scarf of repulsion
 A - a +1 helmet
 I - a +1 pair of boots
Jewellery
 j - a ring of protection from cold (right hand)
 y - a ring of magical power (left hand)
 F - a ring of ice
Talismans
 c - a beast talisman
 d - a flux talisman
Wands
 C - a wand of paralysis (15)
 L - a wand of flame (25)
Scrolls
 g - 2 scrolls of enchant weapon
 n - a scroll of fog {unknown}
 r - a scroll of torment
 t - a scroll of noise {unknown}
 v - 2 scrolls of immolation
 B - a scroll of silence {unknown}
 D - a scroll of teleportation
 J - a scroll of blinking {unknown}
Potions
 b - a potion of lignification
 k - a potion of mutation
 u - 2 potions of brilliance
 w - a potion of degeneration {unknown}
 E - a potion of heal wounds {unknown}
 H - a potion of enlightenment
 K - a potion of berserk rage {unknown}


   Skills:
 + Level 3.6 Fighting
 + Level 2.5 Short Blades
 + Level 2.5 Long Blades
 + Level 2.5 Axes
 + Level 2.5 Maces & Flails
 + Level 2.5 Polearms
 + Level 2.5 Staves
 + Level 2.5 Ranged Weapons
 + Level 2.5 Throwing
 + Level 2.5 Armour
 + Level 5.6 Dodging
 + Level 2.5 Stealth
 + Level 2.5 Shields
 + Level 7.0 Unarmed Combat
 + Level 2.5 Spellcasting
 + Level 2.0 Conjurations
 + Level 2.0 Hexes
 + Level 2.0 Summonings
 + Level 2.0 Necromancy
 + Level 2.0 Translocations
 + Level 2.0 Transmutations
 + Level 2.0 Fire Magic
 + Level 2.0 Ice Magic
 + Level 2.0 Air Magic
 + Level 2.0 Earth Magic
 + Level 2.0 Poison Magic
 + Level 2.8 Invocations
 + Level 2.5 Evocations
 + Level 6.9 Shapeshifting


You had 10 spell levels left.
You knew the following spells:

 Your Spells              Type           Power      Damage    Failure   Level
a - Summon Small Mammal   Summ           24%        N/A       11%         1

Your spell library contained the following spells:

 Spells                   Type           Power      Damage    Failure   Level
 Ensorcelled Hibernation  Hex/Ice        12%        N/A       17%         2
 Jinxbite                 Hex            12%        N/A       17%         2
 Call Canine Familiar     Summ           6%         N/A       32%         3
 Inner Flame              Hex/Fire       6%         N/A       32%         3
 Stone Arrow              Conj/Erth      12%        3d7       32%         3
 Summon Guardian Golem    Hex/Summ       6%         N/A       32%         3
 Anguish                  Hex/Necr       3%         N/A       73%         4
 Animate Armour           Summ/Erth      12%        N/A       73%         4
 Flame Wave               Conj/Fire      6%         2d5       73%         4
 Sticky Flame             Conj/Fire      6%         2d3       73%         4
 Lehudib's Crystal Spear  Conj/Erth      3%         10d2      100%        8


Dungeon Overview and Level Annotations

Branches:
Dungeon (5/15)
 Temple: D:4-7

Altars:
Ru
The Shining One

Shops:
D:1 ([*

Annotations:
D:2 1 runed translucent door, Crazy Yiuf


Innate Abilities, Weirdness & Mutations

You are a hulking beast.
Your limbs bulge with bestial killing power. (Slay +3)
You have very sharp teeth.
Your uncanny sense of smell can sniff out nearby items.
Your experience applies equally to all skills.


Message History

You punch the orc!
You kill the orc!
You swap places.
Things that are here:
a +0 club; an orc corpse You swap places.
Things that are here:
a +0 falchion; a +0 flail; an orc corpse You swap places.
Things that are here:
a +0 club; an orc corpse
i - 42 stones (gained 4)
Your bat disappears in a puff of smoke!
The gnoll sergeant shouts!
The gnoll shouts!
The gnoll throws a throwing net.
The throwing net hits you.
You become entangled in the net!
You see here a throwing net.
You tear a large gash into the net.
Your rat disappears in a puff of smoke!
You struggle against the net.
You rip the net and break free!
The gnoll throws a throwing net.
The throwing net hits you.
You become entangled in the net!
You struggle against the net.
You struggle against the net.
The gnoll sergeant closely misses you.
You tear a large gash into the net.
The gnoll hits you with a +0 club!
The gnoll sergeant hits you from afar with a +2 trident of venom.
You are poisoned.
You rip the net and break free!
You feel very sick. The gnoll completely misses you.
The gnoll closely misses you.
The gnoll sergeant hits you from afar with a +2 trident of venom!
You are lethally poisoned!
* * * LOW HITPOINT WARNING * * *
You feel extremely sick. The gnoll closely misses you.
* * * LOW HITPOINT WARNING * * *
You feel very sick.
The gnoll sergeant attacks as it pursues you!
The gnoll sergeant hits you from afar with a +2 trident of venom!
You die...

### ##.......)...#
...#............#
#.#............#
..#l.............#
#........######..#
...###...### #..#
.....#...#~# #..#
####.....#.# #..#
#.⌠......#b# #.h#
...#.....### #[g#
..#####..######gg#
..#...#..........#
.............(÷<[#
..#...#.......÷..#
####...........#
#.............#
#.............#


You could see a gnoll sergeant and 2 gnolls.

Vanquished Creatures
  An ogre (D:3)
  A bullfrog (D:4)
  A jelly (D:5)
  A hound (D:3)
  Natasha (thrice) (D:2)
  Terence (D:2)
  4 iguanas
  A gnoll (D:4)
  4 adders
  2 ufetubi (D:4)
  A worm (D:1)
  3 dart slugs
  5 orcs
  9 ball pythons
  4 endoplasms
  3 giant cockroaches
  9 goblins
  4 hobgoblins
  2 jackals (D:4)
  4 kobolds
  A quokka (D:4)
  3 bats
  4 frilled lizards
  2 rats
73 creatures vanquished.

Vanquished Creatures (collateral kills)
  A jelly (D:4)
  An orc (D:4)
  2 frilled lizards (D:3)
4 creatures vanquished.

Grand Total: 77 creatures vanquished

Notes
Turn   | Place    | Note
-------+----------+-------------------------------------------
     0 | D:1      | jlumianski the Gnoll Shapeshifter began the quest for the
                  | Orb.
     0 | D:1      | Reached XP level 1. HP: 17/17 MP: 1/1
   129 | D:2      | Reached XP level 2. HP: 20/23 MP: 2/2
   133 | D:2      | Noticed Terence
   428 | D:1      | Reached XP level 3. HP: 27/28 MP: 3/3
   486 | D:1      | Found Dotheh's General Store.
   634 | D:1      | Found Pimacs's Armour Emporium.
   724 | D:1      | Found Vunnocet's Antique Weapon Boutique.
   922 | D:2      | Reached skill level 1 in Invocations
   957 | D:2      | Found a runed translucent door.
   958 | D:2      | Noticed Crazy Yiuf
  1021 | D:2      | Killed Terence
  1022 | D:2      | Reached skill level 1 in Short Blades
  1022 | D:2      | Reached skill level 1 in Long Blades
  1022 | D:2      | Reached skill level 1 in Axes
  1022 | D:2      | Reached skill level 1 in Maces & Flails
  1022 | D:2      | Reached skill level 1 in Polearms
  1022 | D:2      | Reached skill level 1 in Staves
  1022 | D:2      | Reached skill level 1 in Ranged Weapons
  1022 | D:2      | Reached skill level 1 in Throwing
  1022 | D:2      | Reached skill level 1 in Armour
  1022 | D:2      | Reached skill level 1 in Stealth
  1022 | D:2      | Reached skill level 1 in Shields
  1022 | D:2      | Reached skill level 1 in Spellcasting
  1022 | D:2      | Reached skill level 1 in Evocations
  1022 | D:2      | Reached XP level 4. HP: 15/34 MP: 5/5
  1568 | D:3      | Reached skill level 1 in Conjurations
  1568 | D:3      | Reached skill level 1 in Hexes
  1568 | D:3      | Reached skill level 1 in Summonings
  1568 | D:3      | Reached skill level 1 in Necromancy
  1568 | D:3      | Reached skill level 1 in Translocations
  1568 | D:3      | Reached skill level 1 in Transmutations
  1568 | D:3      | Reached skill level 1 in Fire Magic
  1568 | D:3      | Reached skill level 1 in Ice Magic
  1568 | D:3      | Reached skill level 1 in Air Magic
  1568 | D:3      | Reached skill level 1 in Earth Magic
  1568 | D:3      | Reached skill level 1 in Poison Magic
  1651 | D:3      | Found a glowing golden altar of the Shining One.
  1722 | D:4      | Noticed an ogre
  1920 | D:2      | Noticed Natasha
  1929 | D:2      | Killed Natasha
  1930 | D:2      | Reached XP level 5. HP: 17/40 MP: 5/7
  1933 | D:2      | Noticed Natasha
  1953 | D:2      | Killed Natasha
  2061 | D:2      | Learned a level 1 spell: Summon Small Mammal
  2193 | D:2      | Noticed Natasha
  2200 | D:2      | Killed Natasha
  2262 | D:1      | Bought 3 scrolls of identify for 60 gold pieces
  2263 | D:1      | Identified a scroll of acquirement
  2265 | D:1      | Acquired a manual of Dodging
  2841 | D:3      | Killed an ogre
  2842 | D:3      | Reached skill level 5 in Dodging
  2842 | D:3      | Reached XP level 6. HP: 15/47 MP: 6/9
  3322 | D:5      | Entered Level 5 of the Dungeon
  3573 | D:4      | Found a sacrificial altar of Ru.
  3628 | D:4      | Reached XP level 7. HP: 44/52 MP: 10/10
  3717 | D:5      | Reached skill level 7 in Unarmed Combat
  4201 | D:5      | Slain by a gnoll sergeant

Illustrated notes

Levels and vault maps discovered:
D:1:      shiori_shiawase, layout_basic, serial_shops, shop_fountains, shop,
          shop, minmay_misc_feat_tower
D:2:      layout_rooms, uniq_terence, uniq_natasha, uniq_crazy_yiuf_cottage
D:3:      layout_basic, lemuel_doored_altar, minmay_lizard_king
D:4:      layout_rooms, lemuel_round_altar
D:5:      layout_basic, evilmike_ruin_ashenzari, serial_aquarium,
          aquarium_bridge_square [aquarium_subvault_window,
          aquarium_subvault_wall, aquarium_subvault_bridge,
          aquarium_subvault_bridge], aquarium_window_fake, aquarium_window_fake,
          aquarium_view_2g, aquarium_view_2f, aquarium_balcony_1b,
          grunt_ministairs_4, uniq_sigmund

Skill      XL: |  1  2  3  4  5  6  7 |
---------------+----------------------+-----
Invocations    | 1 2 |  2.8
Short Blades   | 1 2 |  2.5
Long Blades    | 1 2 |  2.5
Axes           | 1 2 |  2.5
Maces & Flails | 1 2 |  2.5
Polearms       | 1 2 |  2.5
Staves         | 1 2 |  2.5
Ranged Weapons | 1 2 |  2.5
Throwing       | 1 2 |  2.5
Armour         | 1 2 |  2.5
Stealth        | 1 2 |  2.5
Shields        | 1 2 |  2.5
Spellcasting   | 1 2 |  2.5
Evocations     | 1 2 |  2.5
Conjurations   | 1 2 |  2.0
Hexes          | 1 2 |  2.0
Summonings     | 1 2 |  2.0
Necromancy     | 1 2 |  2.0
Translocations | 1 2 |  2.0
Transmutations | 1 2 |  2.0
Fire Magic     | 1 2 |  2.0
Ice Magic      | 1 2 |  2.0
Air Magic      | 1 2 |  2.0
Earth Magic    | 1 2 |  2.0
Poison Magic   | 1 2 |  2.0
Fighting       | 3 |  3.6
Dodging        | 5 |  5.6
Unarmed Combat | 7 |  7.0
Shapeshifting  | |  6.9

Action                     |  1- 3 |  4- 6 |  7- 9 || total
---------------------------+-------+-------+-------++-------
  Melee: Unarmed           |    39 |   107 |    39 ||   185
         Bite              |     1 |     9 |    10 ||    20
         Punch             |     1 |     2 |     3 ||     6
  Throw: Dart              |     5 |     5 |     1 ||    11
   Cast: Summon Small Mamm |       |    15 |    25 ||    40
    Use: Scroll            |     1 |     7 |     1 ||     9
         Potion            |       |     3 |     2 ||     5
   Stab: Sleeping          |     2 |     2 |       ||     4
         Distracted        |       |     1 |     1 ||     2
 Armour: Animal skin       |    22 |    49 |    28 ||    99
  Dodge: Dodged            |    23 |    63 |    37 ||   123

Table legend: (Time is in decaauts)
 A = Elapsed time spent in this place.
 B = Non-inter-level travel time spent in this place.
 C = Inter-level travel time spent in this place.
 D = Time resting spent in this place.
 E = Time spent auto-exploring this place.
 F = Levels seen in this place.
 G = Mean time per level.
                   A        B        C        D        E       F      G
               +--------+--------+--------+--------+--------+-----+--------+
         Total |   4208 |   4033 |    175 |    915 |   1286 |   5 |  841.6 |
       Dungeon |   4208 |   4033 |    175 |    915 |   1286 |   5 |  841.6 |
               +--------+--------+--------+--------+--------+-----+--------+

Top non-repeatable levels by time:
     D:3: 1275 daAuts
     D:1: 1084 daAuts
     D:2: 977 daAuts
     D:4: 627 daAuts
     D:5: 243 daAuts
